 Dungeon Crawl Stone Soup version 0.31-a0-819-gf6de2f5ab6 (webtiles) character file.

Game seed: 14459369489320661072

1794 qw the Skirmisher (level 9, -2/56 HPs)
             Began as a Gargoyle Hunter on Sept 23, 2023.
             Killed by divine providence
             ... invoked by an orc priest
              (10 damage)
             ... on level 6 of the Dungeon.
             The game lasted 00:02:01 (3963 turns).

qw the Skirmisher (Gargoyle Hunter)                 Turns: 3963, Time: 00:02:01

Health: -2/56      AC: 12    Str: 19    XL:     9   Next: 9%
Magic:  9/9        EV: 14    Int: 10    God:
Gold:   288        SH:  0    Dex: 23    Spells: 8/8 levels left

rFire   . . .        b - +0 orcbow
rCold   + . .        (shield currently unavailable)
rNeg    + . .        e - +2 leather armour {rC+}
rPois   inf          c - +0 helmet
rElec   +            (no cloak)
rCorr   .            (no gloves)
SInv    .            (no boots)
Will    .....        a - amulet "Hifudusu" {rPois Regen+ Str+4}
Stlth   ++           l - +6 ring of dexterity
HPRegen 1.09/turn    (no ring)
MPRegen 0.11/turn

%: no passive effects
@: no status effects
A: sickness immunity, AC +6, negative energy resistance 1, electricity
resistance, torment resistance 1, petrification resistance
a: no special abilities


You were on level 6 of the Dungeon.
You visited 1 branch of the dungeon, and saw 6 of its levels.

You collected 288 gold pieces.


Innate Abilities, Weirdness & Mutations

You are immune to sickness and miasma.
Your stone body is resilient. (AC +6)
You are immune to poison.
You resist negative energy. (rN+)
You are resistant to electric shocks. (rElec)
You are resistant to unholy torment.
You are immune to petrification.


   Skills:
 - Level 6.3 Fighting
 + Level 9.8 Ranged Weapons
 - Level 2.8 Armour
 - Level 3.3 Dodging
 - Level 1.1 Stealth


You had 8 spell levels left.
You didn't know any spells.
Your spell library was empty.

Inventory:

Hand Weapons
 b - a +0 orcbow (weapon)
Armour
 c - a +0 helmet (worn)
 e - a +2 leather armour of cold resistance (worn)
Jewellery
 a - the amulet "Hifudusu" (around neck) {rPois Regen+ Str+4}
   (You found it on level 2 of the Dungeon)

   [amulet of regeneration]

   Str+4:     It affects your strength (+4).
   rPois:     It protects you from poison Regen+: It increases your rate of
   health regeneration.
 l - a +6 ring of dexterity (left hand)
Scrolls
 h - a scroll of identify
Potions
 d - a potion of haste
 f - a potion of might
 g - a potion of cancellation
 j - a potion of curing {unknown}
 k - a potion of resistance {unknown}

Dungeon Overview and Level Annotations

Branches:
Dungeon (6/15)
 Temple: D:4-7

Altars:
Xom
Yredelemnul
The Shining One


Message History

You shoot an arrow. The arrow misses the hound.
The arrow hits the orc priest.
You kill the orc priest!
The hound barely misses you. The orc wizard barely misses you.
You shoot an arrow. The arrow closely misses the hound.
The arrow hits the orc!!
You kill the orc!
The hound barely misses you. The hound bites you.
The orc wizard hits you with a +0 dagger.
You shoot an arrow. The arrow misses the hound.
The arrow hits the orc priest!
The orc priest is severely wounded.
The hound misses you. The orc barely misses you.
The hound bites you but does no damage. The orc wizard casts a spell at you.
You are confused.
The hound bites you. The orc completely misses you. The hound misses you.
The orc barely misses you. The hound bites you but does no damage.
The orc wizard barely misses you. The hound bites you but does no damage.
The orc priest closely misses you. The orc hits you but does no damage.
The orc wizard hits you but does no damage.
The hound barely misses you. The orc priest misses you.
The orc closely misses you.
The orc wizard points at you and mumbles some strange words.
You easily resist.
The hound bites you but does no damage. The hound bites you but does no damage.
The orc priest invokes the aid of Beogh against you.
Beogh smites you! The orc closely misses you.
The orc wizard completely misses you. The hound completely misses you.
The orc priest closely misses you. The orc hits you but does no damage.
The hound closely misses you.
The orc wizard hits you but does no damage.
You feel less confused. The hound barely misses you.
The orc priest hits you but does no damage.
The orc closely misses you.
The orc wizard hits you but does no damage.
You shoot an arrow. The arrow hits the hound!
You kill the hound!
The orc priest mumbles some strange prayers to Beogh against you.
Beogh smites you!
You die...

###### #@o..####
#.o.....###
#)o.......## #.
#..........## #..
##..........##
#..#
#...........##
..#
#%[..........##
..#
#)............#
#.#
##............###


You could see an orc priest, an orc wizard and an orc.

Vanquished Creatures
  2 steam dragons (D:6)
  Duvessa (D:5)
  A water moccasin (D:6)
  An ice beast (D:6)
  A black bear (D:6)
  A centaur (D:6)
  4 ogres
  A gnoll sergeant (D:5)
  4 scorpions
  Dowan (D:5)
  A jelly (D:4)
  A hound (D:6)
  A gnoll bouda (D:5)
  An orc priest (D:6)
  An iguana (D:5)
  A sleepcap (D:4)
  An orc wizard (D:4)
  9 gnolls
  7 adders
  A worm (D:3)
  3 dart slugs
  8 orcs
  5 bats
  6 endoplasms
  4 giant cockroaches
  11 goblins
  10 hobgoblins
  3 quokkas
  9 ball pythons
  2 frilled lizards
  11 kobolds
  7 rats
120 creatures vanquished.

Notes
Turn   | Place    | Note
-------+----------+-------------------------------------------
     0 | D:1      | qw the Gargoyle Hunter began the quest for the Orb.
     0 | D:1      | Reached XP level 1. HP: 12/12 MP: 1/1
     0 | D:1      | 0 ||| qw: Version: 0.3-a-83-gcd0e7d8
     0 | D:1      | 0 ||| qw: Game counter: 1523
     0 | D:1      | 0 ||| qw: Melee chars always use a shield: true
     0 | D:1      | 0 ||| qw: God list: Okawaru
     0 | D:1      | 0 ||| qw: Allow faded altars: false
     0 | D:1      | 0 ||| qw: Do Orc after clearing Dungeon:15 true
     0 | D:1      | 0 ||| qw: Do second Lair branch before Depths: true
     0 | D:1      | 0 ||| qw: Lair rune preference: random
     0 | D:1      | 0 ||| qw: Goals: Normal
     0 | D:1      | 0 ||| PLANNING D:1-11
   164 | D:1      | Reached XP level 2. HP: 17/17 MP: 2/2
   364 | D:1      | Reached XP level 3. HP: 15/21 MP: 3/3
   474 | D:1      | Reached skill level 5 in Ranged Weapons
   702 | D:1      | 702 ||| READING scroll labelled VAGEON XEKKA.
   703 | D:1      | 703 ||| DROPPING scroll of butterflies.
   812 | D:2      | Identified the amulet "Hifudusu" {rPois Regen+ Str+4}
   844 | D:2      | Reached skill level 3 in Fighting
  1047 | D:2      | Found a basalt altar of Yredelemnul.
  1084 | D:2      | 1084 ||| FLEEEEING.
  1085 | D:2      | 1085 ||| FLEEEEING.
  1086 | D:2      | 1086 ||| FLEEEEING.
  1087 | D:2      | 1087 ||| FLEEEEING.
  1088 | D:2      | 1088 ||| FLEEEEING.
  1089 | D:2      | 1089 ||| FLEEEEING.
  1090 | D:2      | 1090 ||| FLEEEEING.
  1091 | D:2      | 1091 ||| FLEEEEING.
  1263 | D:2      | Reached XP level 4. HP: 28/28 MP: 4/4
  1265 | D:2      | 1265 ||| UPGRADING to +2 leather armour of cold resistance.
  1275 | D:2      | 1275 ||| DROPPING +0 leather armour.
  1276 | D:2      | 1276 ||| UPGRADING to amulet "Hifudusu" {rPois Regen+
                  | Str+4}.
  1281 | D:2      | 1281 ||| DROPPING amulet of magic regeneration.
  1282 | D:2      | 1282 ||| DROPPING ring of magical power.
  1283 | D:2      | 1283 ||| READING 2 scrolls labelled WEYGOE IFUSU.
  1284 | D:2      | 1284 ||| READING scroll labelled BEGAGUDAOPS.
  1288 | D:2      | 1288 ||| READING scroll labelled JOSEOR HETAFRU.
  1289 | D:2      | 1289 ||| DROPPING scroll of fog.
  1419 | D:3      | Found a glowing golden altar of the Shining One.
  1432 | D:3      | Found a shimmering altar of Xom.
  1987 | D:3      | 1987 ||| UPGRADING to +0 helmet.
  1992 | D:3      | 1992 ||| DROPPING amulet of reflection.
  1993 | D:3      | 1993 ||| READING 3 scrolls of identify.
  1993 | D:3      | 1993 ||| IDENTIFYING silvery potion
  1994 | D:3      | 1994 ||| READING 2 scrolls of identify.
  1994 | D:3      | 1994 ||| IDENTIFYING black potion
  1995 | D:3      | 1995 ||| DROPPING potion of brilliance.
  2122 | D:4      | Reached XP level 5. HP: 31/32 MP: 5/5
  2175 | D:4      | Noticed an ogre
  2181 | D:4      | HP: 4/32 [ogre/+0 giant club (28)]
  2182 | D:4      | 2182 ||| READING scroll of teleportation.
  2193 | D:4      | Reached skill level 6 in Ranged Weapons
  2272 | D:4      | Killed an ogre
  2306 | D:4      | Reached XP level 6. HP: 37/37 MP: 6/6
  2843 | D:4      | 2843 ||| READING 2 scrolls labelled KAOSIB YNIUNK.
  2844 | D:4      | 2844 ||| READING 3 scrolls of identify.
  2844 | D:4      | 2844 ||| IDENTIFYING fizzy inky potion
  2845 | D:4      | 2845 ||| READING 2 scrolls of identify.
  2845 | D:4      | 2845 ||| IDENTIFYING gluggy blue potion
  2846 | D:4      | 2846 ||| DROPPING scroll of revelation.
  2864 | D:5      | Entered Level 5 of the Dungeon
  3089 | D:5      | Reached skill level 7 in Ranged Weapons
  3089 | D:5      | Reached XP level 7. HP: 41/43 MP: 7/7
  3204 | D:5      | 3204 ||| RETREEAATING.
  3360 | D:5      | Reached skill level 8 in Ranged Weapons
  3384 | D:5      | 3384 ||| FLEEEEING.
  3395 | D:5      | 3395 ||| RETREEAATING.
  3406 | D:5      | HP: 6/44 [gnoll/+0 spear of distortion[a gnoll bouda] (12)]
  3407 | D:5      | 3407 ||| READING scroll of teleportation.
  3408 | D:5      | 3408 ||| DRINKING potion of heal wounds.
  3461 | D:5      | Noticed Duvessa
  3464 | D:5      | Noticed Dowan
  3470 | D:5      | 3470 ||| Stepping ~*~*~tactically~*~*~ (retreating).
  3478 | D:5      | Killed Duvessa
  3479 | D:5      | Reached XP level 8. HP: 49/49 MP: 8/8
  3505 | D:5      | Killed Dowan
  3725 | D:5      | 3725 ||| UPGRADING to +6 ring of dexterity.
  3726 | D:5      | 3726 ||| DRINKING 2 clear potions.
  3727 | D:5      | 3727 ||| READING 2 scrolls of identify.
  3727 | D:5      | 3727 ||| IDENTIFYING fizzy cyan potion
  3728 | D:5      | 3728 ||| DROPPING potion of magic.
  3740 | D:6      | 3740 ||| PLANNING SEWER
  3794 | D:6      | Reached skill level 9 in Ranged Weapons
  3825 | D:6      | 3825 ||| SWAPPING to +0 orcbow.
  3826 | D:6      | 3826 ||| DROPPING +0 shortbow.
  3844 | D:6      | Reached skill level 3 in Dodging
  3936 | D:6      | Reached skill level 6 in Fighting
  3936 | D:6      | HP: 8/52 [something (8)]
  3939 | D:6      | Reached XP level 9. HP: 5/56 MP: 9/9
  3943 | D:6      | 3943 ||| Stepping ~*~*~tactically~*~*~ (retreating).
  3944 | D:6      | 3944 ||| Stepping ~*~*~tactically~*~*~ (retreating).
  3945 | D:6      | 3945 ||| Stepping ~*~*~tactically~*~*~ (retreating).
  3946 | D:6      | 3946 ||| Stepping ~*~*~tactically~*~*~ (retreating).
  3947 | D:6      | 3947 ||| Stepping ~*~*~tactically~*~*~ (retreating).
  3948 | D:6      | HP: 11/56 [hound (1)]
  3954 | D:6      | HP: 10/56 [hound (3)]
  3960 | D:6      | HP: 5/56 [orc priest/divine providence (8)]
  3963 | D:6      | Killed from afar by an orc priest

Levels and vault maps discovered:
D:1:      erik_arrival_triangle_huge, layout_loops_cross
D:2:      layout_loops_cross, basic_altar
D:3:      layout_loops_cross, grunt_temple_overflow_open
D:4:      layout_basic, st_stairs_6, minmay_fractal_squares_gapless_5
D:5:      layout_basic, uniq_duvessa
D:6:      layout_cave_pods, trog_ov_bears_minmay, led_sif_pool,
          portal_sewer_entry_e

Skill      XL: |  1  2  3  4  5  6  7  8 |
---------------+-------------------------+-----
Ranged Weapons | 5 6 7 8 9 |  9.8
Fighting       | 3 4 5 6 |  6.3
Armour         | 2 |  2.8
Dodging        | 2 3 |  3.3
Stealth        | |  1.1

Action                     |  1- 3 |  4- 6 |  7- 9 || total
---------------------------+-------+-------+-------++-------
   Fire: Shortbow          |   112 |   198 |   160 ||   470
         Orcbow            |       |       |    36 ||    36
    Use: Scroll            |     1 |     9 |     2 ||    12
         Potion            |       |       |     2 ||     2
 Armour: Leather armour    |    18 |    57 |   130 ||   205
  Dodge: Dodged            |    31 |    60 |   122 ||   213

Table legend:
 A = Non-vault XP
 B = Vault XP
 C = Vault XP percentage of total XP
 D = Non-vault monster count
 E = Vault monster count
 F = Vault count percentage of total count
                 A         B        C        D         E       F
            +---------+---------+-------+---------+---------+-------
      Total |    2159 |     447 |  17.2 |     111 |       9 |   7.5
            +---------+---------+-------+---------+---------+-------
        D:1 |      48 |       0 |   0.0 |      26 |       0 |   0.0
        D:2 |      38 |       0 |   0.0 |      15 |       0 |   0.0
        D:3 |      50 |       0 |   0.0 |      21 |       0 |   0.0
        D:4 |     228 |     100 |  30.5 |      18 |       6 |  25.0
        D:5 |     783 |     223 |  22.2 |      20 |       2 |   9.1
        D:6 |    1012 |     124 |  10.9 |      11 |       1 |   8.3
            +---------+---------+-------+---------+---------+-------
